 Dungeon Crawl Stone Soup version 0.18-a0-1396-g8753ca6 (webtiles) character file.

458 Duffy the Magician (level 6, 0/32 HPs)
             Began as a Deep Elf Summoner on Feb 23, 2016.
             Killed from afar by an orc wizard (3 damage)
             ... with a magic dart
             ... on level 5 of the Dungeon.
             The game lasted 00:09:14 (5186 turns).

Duffy the Magician (Deep Elf Summoner)              Turns: 5186, Time: 00:09:15

Health: 0/32       AC:  4    Str:  5    XL:     6   Next: 77%
Magic:  5/18       EV: 13    Int: 20    God:
Gold:   163        SH:  0    Dex: 17    Spells: 5 memorised, 6 levels left

rFire  . . .     SeeInvis .     B - staff of conjuration (curse)
rCold  . . .     Gourm    .     a - +0 robe
rNeg   . . .     Faith    .     (no shield)
rPois  .         Spirit   .     (no helmet)
rElec  .         Dismiss  .     (no cloak)
rCorr  .         Reflect  .     p - +1 pair of gloves
SustAt .         Harm     .     (no boots)
MR     +....                    (no amulet)
Stlth  ++........               (no ring)
                                j - ring of protection from magic

@: very slightly contaminated, somewhat resistant to hostile enchantments,
unstealthy
A: no striking features
a: no special abilities


You were on level 5 of the Dungeon.
You were near starving.

You visited 1 branch of the dungeon, and saw 5 of its levels.

You collected 163 gold pieces.


   Skills:
 - Level 2.4 Dodging
 - Level 2.4 Stealth
 + Level 7.3 Spellcasting
 + Level 7.0 Summonings


You had 6 spell levels left.
You knew the following spells:

 Your Spells              Type           Power        Failure   Level  Hunger
a - Summon Small Mammal   Summ           ####         1%          1    None
i - Call Imp              Summ           #####...     1%          2    None
l - Summon Ice Beast      Ice/Summ       ###.....     24%         4    ###....
n - Call Canine Familiar  Summ           #####...     1%          3    #......
G - Summon Guardian Gole  Hex/Summ       ###.....     10%         3    #......

Inventory:

Missiles
 f - 123 stones (quivered)
Armour
 a - a +0 robe (worn)
 p - a +1 pair of gloves (worn)
Magical Staves
 B - a cursed staff of conjuration (weapon)
Jewellery
 h - an uncursed ring of ice
 j - a ring of protection from magic (left hand)
Wands
 q - a wand of disintegration (8/24)
 u - a wand of iceblast (4/15)
 v - a wand of confusion (27/48)
Scrolls
 d - 2 scrolls of immolation {unknown}
 g - 2 scrolls of identify
 k - a scroll of magic mapping {unknown}
 m - 3 scrolls of remove curse {unknown}
 o - a scroll of recharging {unknown}
 s - a scroll of enchant weapon {unknown}
 y - a scroll of enchant armour {unknown}
Potions
 e - 4 potions of curing
 i - 3 potions of haste {unknown}
 l - 2 potions of cure mutation
 t - 3 potions of degeneration {unknown}
 x - a potion of agility
 A - a potion of ambrosia
Books
 b - a book of Callings
 r - a book of Enchantments
Comestibles
 c - 3 bread rations
 n - 2 beef jerkies
 w - a slice of pizza
 z - 3 fruits

Dungeon Overview and Level Annotations

Branches:
Dungeon (5/15)
 Temple: D:4-7

Altars:
Fedhas
Nemelex Xobeh
Pakellas
Ru
Yredelemnul
Zin

Annotations:
D:3 1 runed door


Message History

You see here a tomahawk.
Your wolf closely misses the orc wizard.
Your crimson imp misses the orc.
The orc barely misses you.
The orc wizard hits your shadow imp but does no damage.
Your wolf closely misses the orc wizard.
Your crimson imp hits the orc.
Your shadow imp closely misses the orc wizard.
The orc wizard mumbles some strange words.
The orc wizard seems to speed up.
The orc hits your crimson imp with an enchanted mace!
Your shadow imp hits the orc wizard.
Your crimson imp misses the orc.
The orc wizard barely misses your shadow imp.
The orc misses your crimson imp.
The orc wizard hits your iron imp with a dagger.
The orc wizard casts a spell.
The orc wizard blinks!
The orc hits your crimson imp with an enchanted mace.
The orc wizard gestures at you while chanting.
The magic dart hits you!
Your crimson imp blinks!
Your shadow imp misses the orc wizard.
Your crimson imp blinks!
Cast which spell? (? or * to list)
You miscast Summon Ice Beast.
You are very lightly contaminated with residual magic.
You feel a strange surge of energy!
The orc wizard gestures at you while chanting.
The magic dart hits you!
Your iron imp hits the orc.
The orc dies!
Cast which spell? (? or * to list)
The orc wizard barely misses you.
The orc wizard gestures at you while chanting.
The magic dart hits you!
You die...

.#######~~.~~..#####.####
.......(........####.#### ##.....
.#######........#...!....
......##########(.......#...<....
........ .......(.5.....#........
......# #######..).....#........
......# #...5..!.#........
......# #.5......#........
......# #@oh.....#........
......# ######.#.#........
......###############....).......
.................................
........##############.##........
#.......# #......###.## #.......#
#.#.#### #.# #.......# #.#.## #.#
#.......# #.#..# #)#


You could see an orc wizard, a friendly hound, a friendly iron imp, a friendly
crimson imp and a friendly shadow imp.

Action                   |  1- 3 |  4- 6 || total
-------------------------+-------+-------++-------
Throw: Stone             |     7 |     7 ||    14
 Cast: Summon Small Mamm |    41 |       ||    41
       Call Imp          |    28 |    16 ||    44
       Call Canine Famil |    12 |    20 ||    32
       Summon Ice Beast  |       |    10 ||    10
  Use: Scroll            |       |     5 ||     5
  Eat: Chunk             |     6 |     9 ||    15

Notes
Turn   | Place    | Note
--------------------------------------------------------------
     0 | D:1      | Duffy the Deep Elf Summoner began the quest for the Orb.
     0 | D:1      | Reached XP level 1. HP: 10/10 MP: 6/6
   524 | D:1      | Reached XP level 2. HP: 15/15 MP: 5/8
   528 | D:1      | Learned a level 2 spell: Call Imp
   913 | D:2      | Found an oddly glowing altar of Pakellas.
  1052 | D:2      | Reached skill level 4 in Spellcasting
  1412 | D:2      | Reached skill level 5 in Summonings
  1412 | D:2      | Reached XP level 3. HP: 19/19 MP: 5/10
  1417 | D:2      | Learned a level 3 spell: Call Canine Familiar
  1421 | D:2      | Learned a level 3 spell: Summon Guardian Golem
  1852 | D:3      | Found a glowing silver altar of Zin.
  1852 | D:3      | Noticed an angel
  1853 | D:3      | Found a runed door.
  2660 | D:3      | Reached XP level 4. HP: 24/24 MP: 4/12
  2677 | D:3      | Reached skill level 5 in Spellcasting
  2762 | D:3      | Learned a level 4 spell: Summon Ice Beast
  3532 | D:4      | Found a basalt altar of Yredelemnul.
  3625 | D:4      | Reached XP level 5. HP: 28/28 MP: 10/15
  4048 | D:4      | Noticed an ogre
  4056 | D:4      | Killed an ogre
  4056 | D:4      | Reached skill level 6 in Summonings
  4175 | D:5      | Entered Level 5 of the Dungeon
  4175 | D:5      | Noticed an ogre
  4216 | D:5      | Found a sacrificial altar of Ru.
  4216 | D:5      | Noticed an ice beast
  4235 | D:5      | Killed an ice beast
  4235 | D:5      | Reached skill level 6 in Spellcasting
  4374 | D:5      | Found a blossoming altar of Fedhas.
  4415 | D:5      | Reached XP level 6. HP: 32/32 MP: 12/17
  4556 | D:5      | Found a sparkling altar of Nemelex Xobeh.
  4763 | D:5      | Noticed an ice beast
  4782 | D:5      | Killed an ice beast
  4782 | D:5      | Reached skill level 7 in Spellcasting
  5171 | D:5      | Reached skill level 7 in Summonings
  5186 | D:5      | Killed from afar by an orc wizard

Vault maps used:
D:1:      lightli_arrival_windingriver
D:2:      grunt_pakellas_mercury
D:3:      lemuel_angel_altar
D:4:      nicolae_overflow_hidden_temple
D:5:      kennysheep_mini_moat, first_bread, basic_altar, fedhas_altar_4

Vanquished Creatures
  2 ice beasts
  2 ogres
  A howler monkey
  An orc priest
  2 jellies
  A centaur skeleton
  3 orc wizards
  3 iguanas
  A worker ant
  5 adders
  3 gnolls
  A howler monkey skeleton
  3 worms
  An adder skeleton
  17 orcs
  5 bats
  2 giant cockroaches
  7 goblins
  5 hobgoblins
  3 jackals
  2 quokkas
  A ball python
  5 giant newts
  7 kobolds
  4 rats
87 creatures vanquished.
